 Dungeon Crawl Stone Soup version 0.30.1-9-gdf580d7c3d (webtiles) character file.

Game seed: 495459731597184272

224 arthad the Sneak (level 5, -6/26 HPs)
             Began as a Spriggan Enchanter on Oct 19, 2023.
             Mangled by Natasha (8 damage)
             ... on level 3 of the Dungeon.
             The game lasted 00:04:34 (1822 turns).

arthad the Sneak (Spriggan Enchanter)               Turns: 1822, Time: 00:04:35

Health: -6/26      AC:  2    Str:  4    XL:     5   Next: 67%
Magic:  5/11       EV: 18    Int: 16    God:
Gold:   189        SH:  0    Dex: 18    Spells: 9/11 levels left

rFire   . . .        k - +2 dagger (freeze)
rCold   . . .        (no shield)
rNeg    . . .        b - +0 robe
rPois   .            (helmet restricted)
rElec   .            (no cloak)
rCorr   .            (gloves unavailable)
SInv    +            (boots unavailable)
Will    .....        (no amulet)
Stlth   +++          (no ring)
HPRegen 0.24/turn    (no ring)
MPRegen 0.12/turn

%: no passive effects
@: very slightly contaminated, very quick
A: very small, no large weapons, unfitting armour, see invisible, speed 3
a: no special abilities


You were on level 3 of the Dungeon.
You visited 1 branch of the dungeon, and saw 3 of its levels.

You collected 189 gold pieces.

Inventory:

Hand Weapons
 a - a +1 dagger
 k - a +2 dagger of freezing (weapon)
Missiles
 p - 4 poisoned darts
Armour
 b - a +0 robe (worn)
Magical Staves
 l - a staff of conjuration
Scrolls
 d - a scroll of enchant armour {unknown}
 e - 2 scrolls of magic mapping {unknown}
 f - a scroll of blinking {unknown}
 h - 2 scrolls of amnesia {unknown}
 i - a scroll of brand weapon {unknown}
 j - a scroll of torment {unknown}
 n - 4 scrolls of identify {unknown}
 o - a scroll of fear {unknown}
Potions
 c - 2 potions of invisibility
 g - 7 potions of mutation {unknown}
 m - 2 potions of curing {unknown}


   Skills:
 * Level 1.9 Fighting
 * Level 2.9 Short Blades
 + Level 3.6 Dodging
 * Level 6.1 Stealth
 + Level 3.5 Spellcasting
 + Level 4.2 Hexes


You had 9 spell levels left.
You knew the following spells:

 Your Spells              Type           Power      Damage    Failure   Level
a - Ensorcelled Hibernat  Hex/Ice        18%        N/A       11%         2

Your spell library contained the following spells:

 Spells                   Type           Power      Damage    Failure   Level
 Confusing Touch          Hex            16%        N/A       10%         3
 Tukima's Dance           Hex            16%        N/A       10%         3
 Apportation              Tloc           4%         N/A       19%         1
 Necrotise                Necr           8%         1d4       19%         1
 Summon Small Mammal      Summ           8%         N/A       19%         1
 Dazzling Flash           Conj/Hex       18%        N/A       22%         3
 Poisonous Vapours        Pois/Air       4%         N/A       26%         2
 Mephitic Cloud           Conj/Pois/Air  2%         N/A       47%         3
 Freezing Cloud           Conj/Ice/Air   1%         6-21      99%         5


Dungeon Overview and Level Annotations

Branches:
Dungeon (3/15)

Altars:

Annotations:
D:3 Natasha


Innate Abilities, Weirdness & Mutations

You are very small and have problems with some larger weapons.
You are too small for most types of armour.
You have supernaturally acute eyesight. (SInv)
You cover ground extremely quickly. (Speed+++)


Message History

You kill the endoplasm!
Natasha hisses angrily.
Natasha completely misses you.
You hit Natasha. You freeze Natasha.
Natasha is moderately wounded.
Natasha barely misses you.
You hit Natasha. You freeze Natasha.
Natasha is heavily wounded.
You hit Natasha but do no damage.
Natasha is heavily wounded.
Natasha claws you!
You closely miss Natasha.
Natasha is heavily wounded.
Natasha claws you!
You are too injured to fight recklessly!
You are too injured to fight recklessly!
You are too injured to fight recklessly!
Aiming: Ensorcelled Hibernation (safe; 11% risk of failure)
Press: ? - help, Q - select action, (/) - cycle Shift-Dir - straight line, f - Natasha
Aim: Natasha (heavily wounded, chance to affect: 43%) Natasha resists with some effort.
Natasha claws you.
* * * LOW HITPOINT WARNING * * *
Aiming: Ensorcelled Hibernation (safe; 11% risk of failure)
Press: ? - help, Q - select action, (/) - cycle Shift-Dir - straight line, f/p - Natasha
Aim: Natasha (heavily wounded, chance to affect: 43%) Natasha resists with some effort.
Natasha claws you.
* * * LOW HITPOINT WARNING * * *
Aiming: Ensorcelled Hibernation (safe; 11% risk of failure)
Press: ? - help, Q - select action, (/) - cycle Shift-Dir - straight line, f/p - Natasha
Aim: Natasha (heavily wounded, chance to affect: 43%)
You miscast Ensorcelled Hibernation.
You are very lightly contaminated with residual magic.
Nothing appears to happen.
Natasha misses you.
You closely miss Natasha.
Natasha is heavily wounded.
Natasha claws you!
You die...

.# .# .# .# ..#
........#.[#
##.###.# ........#..
.......#
........#.####.#...#
..<........#...h..#
..............@.?.##
...................#
#...............#
#...<...........#
#...............#
#...............#
##..............#
##.....#.....#..#
####.########..#


You could see Natasha.

Vanquished Creatures
  Sigmund (D:2)
  2 adders (D:2)
  A worm (D:2)
  3 endoplasms
  A giant cockroach (D:2)
  5 goblins
  4 hobgoblins
  2 quokkas
  3 ball pythons
  2 bats (D:1)
  3 frilled lizards
  4 kobolds
  5 rats
36 creatures vanquished.

Notes
Turn   | Place    | Note
-------+----------+-------------------------------------------
     0 | D:1      | arthad the Spriggan Enchanter began the quest for the Orb.
     0 | D:1      | Reached XP level 1. HP: 9/9 MP: 5/5
   743 | D:1      | Reached XP level 2. HP: 12/14 MP: 6/6
  1166 | D:2      | Noticed Sigmund
  1293 | D:2      | Learned a level 2 spell: Ensorcelled Hibernation
  1374 | D:2      | Reached skill level 5 in Stealth
  1374 | D:2      | Reached XP level 3. HP: 15/17 MP: 5/8
  1380 | D:2      | Reached skill level 1 in Fighting
  1596 | D:2      | Killed Sigmund
  1597 | D:2      | Reached skill level 6 in Stealth
  1597 | D:2      | Reached XP level 4. HP: 23/23 MP: 7/10
  1597 | D:2      | Reached XP level 5. HP: 26/26 MP: 7/11
  1804 | D:3      | Noticed Natasha
  1822 | D:3      | Mangled by Natasha

Illustrated notes

Levels and vault maps discovered:
D:1:      minmay_arrival_nine_rooms, layout_basic, minmay_misc_feat_ornament,
          hex_intersection, minmay_misc_feat_chi
D:2:      layout_rooms, mrwooster_statue_mirror, minmay_nonomino_d4,
          uniq_sigmund
D:3:      layout_rooms, general_overflow_altar, portal_sewer_entry_c,
          uniq_terence, uniq_natasha

Skill      XL: |  1  2  3 |
---------------+----------+-----
Stealth        | 5 6 |  6.1
Fighting       | 1 |  1.9
Dodging        | 3 |  3.6
Spellcasting   | 3 |  3.5
Short Blades   | 2 |  2.9
Hexes          | 4 |  4.2

Action                     |  1- 3 |  4- 6 || total
---------------------------+-------+-------++-------
  Melee: Dagger            |   101 |    11 ||   112
         Punch             |     1 |       ||     1
   Cast: Ensorcelled Hiber |     3 |     3 ||     6
   Stab: Sleeping          |    12 |     3 ||    15
         Distracted        |     1 |       ||     1
 Armour: Robe              |     3 |       ||     3
  Dodge: Dodged            |    45 |     4 ||    49
